Map: Blueshift LE

Players

Rekijan - Winner!

  • Race: Zerg Zerg
  • Spawn Location: 1:00

VOD

Have the link to the VOD?

Description

Time

  • Played on: Jan. 20, 2019, 12:53 p.m.
  • Length: 24:59
Show
View Real Time Build Order
Export as new Build Order

Rekijan Zerg - Winner!

Build Orders:  

Get SALT Encoding   

  12  0:02  Drone  
  13  0:18  Overlord  
  13  0:24  Drone  
  14  0:43  Drone x2  
  14  0:49  Drone  
  17  1:17  Hatchery  
  17  1:18  Drone  
  17  1:40  Spawning Pool  
  17  1:43  Drone  
  17  1:46  Drone  
  18  1:52  Drone  
  19  2:03  Drone  
  20  2:11  Extractor  
  19  2:20  Overlord  
  19  2:45  Queen  
  19  2:47  Drone  
  22  2:57  Drone  
  22  2:58  Queen  
  25  3:00  Drone  
  25  3:07  Drone  
  27  3:13  Drone  
  21  3:20  Drone  
  29  3:30  Drone  
  29  3:34  Drone  
  31  3:42  Drone  
  31  3:49  Queen  
  34  3:55  Drone  
  34  3:58  Overlord  
  35  4:07  Drone  
  36  4:20  Roach Warren  
  36  4:28  Evolution Chamber  
  36  4:29  Drone x3  
  37  4:30  Drone  
  37  4:31  Drone  
  37  4:39  Drone, Extractor  
  39  4:40  Drone x2  
  39  4:41  Extractor  
  40  4:55  Drone x2  
  42  5:03  Overlord  
  42  5:23  Zerg Missile Weapons Level 1  
  42  5:28  Lair  
  42  5:31  Drone x4  
  42  5:32  Drone  
  42  5:33  Drone  
  42  5:34  Evolution Chamber  
  42  5:35  Overlord  
  47  5:40  Roach  
  47  5:41  Roach  
  51  6:21  Roach x4  
  51  6:25  Overlord x3  
  59  6:42  Glial Reconstitution  
  59  6:52  Roach x9  
  77  7:14  Overlord x2  
  77  7:23  Hatchery  
  76  7:43  Roach x3  
  76  7:44  Roach x5  
  76  7:49  Overlord  
  92  8:02  Overlord  
  92  8:03  Overlord  
  92  8:37  Zerg Ground Armor Level 1, Zerg Missile Weapons Level 2  
  92  8:40  Drone  
  92  8:41  Drone x6  
  91  8:50  Hydralisk Den  
  91  8:57  Overseer  
  82  9:05  Roach x3  
  70  9:28  Drone  
  70  9:29  Drone x6  
  71  9:51  Drone x10  
  81  10:04  Extractor  
  74  10:16  Drone x4  
  78  10:21  Extractor  
  78  10:25  Extractor  
  76  10:37  Roach x5  
  86  10:42  Drone  
  86  10:43  Drone  
  88  10:59  Roach  
  90  11:00  Roach x6  
  102  11:15  Hatchery, Roach x3  
  102  11:16  Roach x2  
  102  11:19  Overlord  
  111  11:58  Zerg Ground Armor Level 2  
  111  12:06  Spire  
  111  12:08  Roach  
  111  12:09  Roach x9  
  130  12:10  Infestation Pit  
  129  12:47  Roach, Extractor  
  129  12:49  Overlord x13  
  78  12:50  Overlord  
  130  12:51  Extractor  
  130  12:52  Unknown  
  129  13:20  Pneumatized Carapace  
  111  13:52  Roach  
  111  13:53  Roach x11  
  111  13:54  Roach x3  
  111  14:17  Pathogen Glands  
  111  14:19  Roach x6  
  87  14:20  Roach x6  
  111  14:25  Overseer  
  123  14:32  Unknown  
  123  14:33  Drone x3  
  123  14:35  Drone  
  127  14:48  Roach  
  127  14:49  Roach x9  
  90  14:50  Hydralisk, Roach  
  147  14:52  Hive  
  147  14:54  Hydralisk  
  153  15:18  Overlord  
  153  15:21  Hydralisk x6  
  165  15:42  Hydralisk x10  
  165  15:43  Hydralisk  
  165  15:45  Hydralisk  
  189  15:51  Overseer  
  189  16:04  Hydralisk x4  
  189  16:07  Burrow  
  189  16:09  Roach  
  199  16:14  Greater Spire  
  199  17:19  Hatchery  
  166  17:30  Corruptor  
  166  17:31  Corruptor x6  
  166  17:32  Corruptor  
  166  17:33  Hydralisk x2, Roach x3  
  166  17:34  Hydralisk x2, Roach x2  
  166  17:35  Roach  
  166  17:37  Roach  
  134  17:51  Roach  
  134  17:52  Roach x4  
  134  17:53  Roach  
  126  18:18  Roach x8  
  126  18:19  Roach  
  138  18:24  Brood Lord  
  140  18:56  Zerg Flyer Weapons Level 1  
  140  19:10  Drone x3  
  140  19:11  Drone x5  
  140  19:15  Hydralisk x3, Roach x3  
  140  19:16  Hydralisk, Roach  
  140  19:19  Extractor  
  163  19:20  Brood Lord  
  163  19:23  Extractor  
  163  19:26  Brood Lord  
  166  20:02  Brood Lord x5  
  166  20:04  Hydralisk, Roach x2  
  166  20:05  Roach  
  166  20:08  Roach  
  186  20:26  Drone x2  
  186  20:27  Drone x2  
  186  20:28  Drone  
  191  20:39  Roach x2  
  125  20:40  Hydralisk, Roach  
  195  20:46  Zerg Missile Weapons Level 3  
  195  20:47  Zerg Ground Armor Level 3  
  159  21:54  Hydralisk x3, Roach x4  
  159  21:55  Hydralisk x5, Roach x5  
  159  21:56  Hydralisk x2, Roach x2  
  159  21:58  Roach  
  189  22:19  Drone  
  190  22:20  Drone x2  
  190  22:29  Roach  
  194  22:30  Hydralisk, Roach x2  
  194  22:31  Extractor x2  
  194  22:32  Hatchery  
  191  23:54  Hydralisk, Roach x3  
Tags
 
Add a new tag
Caveats
  • Supply blocks, unpowered buildings, or Contaminate may cause inaccurate times.
  • Supply counts are checked every 10 seconds.